 Dungeon Crawl Stone Soup version 0.24.1-11-gbbbb2193e6 (webtiles) character file.

Game seed: 1365333484004994263, levelgen mode: deterministic

98 Hugehornet the Insei (level 4, -7/28 HPs)
             Began as an Octopode Transmuter on May 13, 2020.
             Mangled by Sigmund
             ... wielding a +0 scythe
              (12 damage)
             ... on level 2 of the Dungeon.
             The game lasted 00:03:07 (1904 turns).

Hugehornet the Insei (Octopode Transmuter)          Turns: 1904, Time: 00:03:08

Health: -7/28      AC:  5    Str: 11    XL:     4   Next: 69%
Magic:  7/8        EV: 19    Int: 16    God:
Gold:   43         SH:  0    Dex: 17    Spells: 2/8 levels left

rFire    . . .     SeeInvis .     - Unarmed
rCold    . . .     Gourm    .   (shield currently unavailable)
rNeg     . . .     Faith    .   (helmet currently unavailable)
rPois    x         Spirit   .   d - amulet of regeneration
rElec    .         Reflect  .   g - ring of resist corrosion
rCorr    +         Harm     .   j - +3 ring of protection
MR       .....                  s - +2 ring of strength
Stlth    ++........             (no ring)
HPRegen  0.49/turn              (no ring)
MPRegen  0.11/turn              (no ring)
                                (no ring)
                                (no ring)

@: spider-form (expiring)
A: tiny, almost no armour, stealthy swim, (amphibious), 8 rings, (constrict 8)
a: End Transformation


You were on level 2 of the Dungeon.
You were near starving.
You were a venomous arachnid creature.
You visited 1 branch of the dungeon, and saw 2 of its levels.

You collected 43 gold pieces.

Inventory:

Missiles
 a - 22 arrows
Jewellery
 d - an amulet of regeneration (around neck)
 g - a ring of resist corrosion (left front leg)
 j - a +3 ring of protection (right front leg)
 s - a +2 ring of strength (on tentacle)
Wands
 r - a wand of random effects (19)
Scrolls
 f - a scroll of blinking {unknown}
 h - a scroll of random uselessness {unknown}
 i - a scroll of magic mapping {unknown}
 k - 4 scrolls of identify {unknown}
 l - 3 scrolls of enchant armour {unknown}
 m - a scroll of noise {unknown}
 q - a scroll of fog {unknown}
Potions
 b - a potion of brilliance {unknown}
 e - a potion of haste {unknown}
 n - a potion of cancellation {unknown}
 o - a potion of flight {unknown}
 p - 2 potions of heal wounds {unknown}
Comestibles
 c - 4 rations


   Skills:
 - Level 1.0 Fighting
 - Level 2.0 Dodging
 + Level 3.3 Unarmed Combat
 + Level 2.9 Spellcasting
 - Level 3.1 Transmutations
 * Level 2.3 Poison Magic


You had 2 spell levels left.
You knew the following spells:

 Your Spells              Type           Power        Failure   Level  Hunger
a - Beastly Appendage     Tmut           ##....       16%         1    #......
b - Sticks to Snakes      Tmut           ##......     21%         2    ##.....
c - Spider Form           Tmut/Pois      ##........   38%         3    ###....

Your spell library contained the following spells:

 Spells                   Type           Power        Failure   Level  Hunger
 Ice Form                 Ice/Tmut       #.......     86%         4    #####..
 Blade Hands              Tmut           ##........   93%         5    ######.


Dungeon Overview and Level Annotations

Branches:
Dungeon (2/15)

Altars:

Annotations:
D:2 Sigmund


Innate Abilities, Weirdness & Mutations

You cannot wear most types of armour.
You are very stealthy in the water. (Stealth+)
((You are amphibious.))
You can wear up to eight rings at the same time.
((You can use your tentacles to constrict eight enemies at once.))
((Your skin changes colour to match your surroundings (Stealth+).))
((Your rubbery body absorbs attacks. (AC +1, EV +1)))


Message History

A magic dart appears from out of thin air!
The magic dart hits you.
You hit the hobgoblin.
You kill the hobgoblin!
Something barely misses you.
You barely miss something. Something barely misses you.
You barely miss something. You hit something but do no damage.
Something hits you.
You hit something but do no damage.
Your transformation is almost over.
You closely miss something. Something hits you.
You hit something but do no damage.
You hear some strange, mumbled words.
Something tries to affect you, but you resist.
You barely miss something. Something closely misses you.
You completely miss something. You hit something. Something hits you!
* * * LOW HITPOINT WARNING * * *
You closely miss something. Something hits you!
You die...

#.##.#.###.#
#........#.#
###############.#####.#
........^....>........#
#############.#########
#.# #)# #.#########
#...s{....#
........).)....#
.######........#
#.<$.....+ #........#
#........# #........#
##########


There were no monsters in sight!

Vanquished Creatures
  An orc priest (D:2)
  An adder (D:2)
  4 worms (D:2)
  2 dart slugs
  2 leopard geckos
  3 orcs (D:2)
  A ball python (D:1)
  A giant cockroach (D:1)
  5 goblins
  5 hobgoblins
  2 kobolds (D:2)
  3 bats
  2 frilled lizards (D:2)
  5 rats
37 creatures vanquished.

Notes
Turn   | Place    | Note
-------+----------+-------------------------------------------
     0 | D:1      | Hugehornet the Octopode Transmuter began the quest for the
                  | Orb.
     0 | D:1      | Reached XP level 1. HP: 13/13 MP: 3/3
   621 | D:1      | Reached XP level 2. HP: 18/18 MP: 3/5
   625 | D:1      | Learned a level 2 spell: Sticks to Snakes
  1164 | D:2      | Reached XP level 3. HP: 19/23 MP: 4/6
  1184 | D:2      | Learned a level 3 spell: Spider Form
  1461 | D:2      | Reached skill level 1 in Poison Magic
  1482 | D:2      | Reached XP level 4. HP: 22/28 MP: 4/8
  1882 | D:2      | Noticed Sigmund
  1904 | D:2      | Mangled by Sigmund

Levels and vault maps discovered:
D:1:      nagdon_arrival_zigzag_paths, layout_loops_corners,
          chequers_serial_rivers_room_b, minmay_misc_feat_cross
D:2:      layout_basic, first_ration, uniq_sigmund

Skill      XL: |  1  2  3 |
---------------+----------+-----
Transmutations | 3 |  3.1
Poison Magic   | 2 |  2.3
Fighting       | |  1.0
Dodging        | |  2.0
Unarmed Combat | |  3.3
Spellcasting   | |  2.9

Action                   |  1- 3 |  4- 6 || total
-------------------------+-------+-------++-------
Melee: Unarmed           |    78 |    34 ||   112
       Constrict         |    19 |     5 ||    24
       Kick              |    16 |     2 ||    18
       Tentacles         |    13 |     2 ||    15
       Punch             |     1 |     1 ||     2
 Cast: Beastly Appendage |    23 |     3 ||    26
       Spider Form       |     1 |     1 ||     2
 Stab: Sleeping          |     5 |     1 ||     6
  Eat: Chunk             |     2 |       ||     2
Armor: Skin              |     6 |     4 ||    10
Dodge: Dodged            |    37 |    11 ||    48
